 Dungeon Crawl Stone Soup version 0.30.1-11-g7821555f0a (webtiles) character file.

Game seed: 6169705158326583081

224 Ijustatesigmund the Magician (level 5, -13/30 HPs)
             Began as a Deep Elf Earth Elementalist on Dec 12, 2023.
             Mangled by Duvessa
             ... wielding a +0 rapier
              (14 damage)
             ... on level 4 of the Dungeon.
             The game lasted 00:08:24 (3062 turns).

Ijustatesigmund the Magician (DEEE)                 Turns: 3062, Time: 00:08:25

Health: -13/30     AC:  3    Str:  5    XL:     5   Next: 67%
Magic:  4/14       EV: 12    Int: 22    God:
Gold:   190        SH:  0    Dex: 15    Spells: 8/14 levels left

rFire   . . .        d - +3 war axe
rCold   + . .        (no shield)
rNeg    . . .        a - +0 robe
rPois   .            (no helmet)
rElec   +            (no cloak)
rCorr   .            (no gloves)
SInv    +            i - +0 pair of boots of Unbearable Leaves {rElec}
Will    .....        g - amulet of the acrobat
Stlth   ++           c - ring of protection from cold
HPRegen 0.25/turn    k - ring of see invisible
MPRegen 0.14/turn

%: acrobat
@: no status effects
A: no striking features
a: no special abilities


You were on level 4 of the Dungeon.
You visited 1 branch of the dungeon, and saw 4 of its levels.

You collected 190 gold pieces.

Inventory:

Hand Weapons
 d - a +3 war axe (weapon)
Armour
 a - a +0 robe (worn)
 i - the +0 pair of boots of Unbearable Leaves (worn) {rElec}
   (You found it on level 2 of the Dungeon)

   rElec:     It insulates you from electricity.
Jewellery
 c - a ring of protection from cold (left hand)
 g - an amulet of the acrobat (around neck)
 k - a ring of see invisible (right hand)
Potions
 b - a potion of magic
 h - 2 potions of flight


   Skills:
 + Level 2.1 Fighting
 - Level 2.4 Dodging
 - Level 2.4 Stealth
 + Level 5.0 Spellcasting
 + Level 2.2 Conjurations
 - Level 1.1 Transmutations
 + Level 4.6 Earth Magic


You had 8 spell levels left.
You knew the following spells:

 Your Spells              Type           Power      Damage    Failure   Level
a - Sandblast             Erth           50%        2d12      1%          1
b - Stone Arrow           Conj/Erth      40%        3d9       8%          3
c - Poisonous Vapours     Pois/Air       10%        N/A       16%         2

Your spell library contained the following spells:

 Spells                   Type           Power      Damage    Failure   Level
 Passwall                 Tmut/Erth      15%        N/A       4%          2
 Sting                    Tmut/Pois      28%        1d4       9%          1
 Slow                     Hex            20%        N/A       10%         1
 Confusing Touch          Hex            5%         N/A       30%         3
 Vampiric Draining        Necr           5%         2d6       30%         3
 Petrify                  Tmut/Erth      18%        N/A       30%         4
 Olgreb's Toxic Radiance  Pois           5%         N/A       69%         4


Dungeon Overview and Level Annotations

Branches:
Dungeon (4/15)
 Temple: D:4-7

Altars:
Dithmenos
Nemelex Xobeh

Annotations:
D:3 2 transporters
D:4 Duvessa, Pikel


Message History

Aiming: Bolt of Light
Press: ? - help, Shift-Dir - straight line, f/p - iguana
Aim: an iguana (75% to hit)
The bolt of light hits the iguana!
The iguana is almost dead.
The iguana is blinded.
The bolt of light misses the kobold.
The bolt of light hits the lemure!
The lemure is moderately wounded.
The lemure is blinded.
The now-empty wand crumbles to dust.
The iguana bites you.
* * * LOW HITPOINT WARNING * * *
Casting: Stone Arrow (quite dangerous; 8% risk of failure)
Confirm with . or Enter, or press ? or * to list all spells.
The spell is quite dangerous to miscast (8% risk of failure)!
Continue anyway? [Y]es or [N]o only, please.
The spell is quite dangerous to miscast (8% risk of failure)!
Continue anyway? [Y]es or [N]o only, please.
The spell is quite dangerous to miscast (8% risk of failure)!
Continue anyway?
Aiming: Stone Arrow (quite dangerous; 8% risk of failure)
Press: ? - help, Shift-Dir - straight line, f/p - iguana
Aim: an iguana (almost dead, blind, 72% to hit)
The stone arrow hits the iguana!
You kill the iguana!
Your Spellcasting skill increases to level 5!
The lemure shouts!
You slash the kobold!
You kill the kobold!
You hear a shout!
You hear a shout!
The lemure attacks as you move away! The lemure misses you.
The lemure attacks as you move away! The lemure closely misses you.
You slash Duvessa!
Duvessa is moderately wounded.
You barely miss the lemure. Duvessa closely misses you.
The lemure closely misses you. Duvessa hits you with a +0 rapier.
* * * LOW HITPOINT WARNING * * *
You hit Duvessa.
Duvessa is moderately wounded.
You barely miss the lemure. Duvessa hits you with a +0 rapier!
You die...

######### #
#...5.5.# ###
####.#####.# $.#
##.##<#####.# ..#
##(#..5...##.#
..####.###..##.##.#
.55.5K## ##.##.##5#
.#####.# #.....e@.#
.# #.#.####.#### .#
#.# #.## .# ###
#..# .####### ##.#
##.....# #.#
##.....# ######.#
.......# #......#
##.....# #.###..##


You could see Duvessa (berserk) and a lemure.

Vanquished Creatures
  Dowan (D:4)
  An orc priest (D:3)
  An iguana (D:4)
  A sleepcap (D:4)
  2 adders
  An ufetubus (D:4)
  A dart slug (D:2)
  7 orcs
  4 endoplasms
  2 giant cockroaches (D:1)
  6 goblins
  6 hobgoblins
  6 kobolds
  3 quokkas
  5 ball pythons
  6 bats
  4 frilled lizards
  3 rats
60 creatures vanquished.

Notes
Turn   | Place    | Note
-------+----------+-------------------------------------------
     0 | D:1      | Ijustatesigmund the Deep Elf Earth Elementalist began the
                  | quest for the Orb.
     0 | D:1      | Reached XP level 1. HP: 10/10 MP: 6/6
   269 | D:1      | Reached XP level 2. HP: 10/16 MP: 1/8
   778 | D:1      | Reached skill level 1 in Fighting
  1075 | D:2      | Reached XP level 3. HP: 20/20 MP: 7/10
  1079 | D:2      | Learned a level 3 spell: Stone Arrow
  1081 | D:2      | Identified the +0 pair of boots of Unbearable Leaves
                  | {rElec}
  1117 | D:2      | Found a faded altar of an unknown god.
  1732 | D:3      | Found a sparkling altar of Nemelex Xobeh.
  1773 | D:3      | Reached skill level 4 in Spellcasting
  1825 | D:3      | Found a shadowy altar of Dithmenos.
  2062 | D:2      | Learned a level 2 spell: Poisonous Vapours
  2066 | D:3      | Reached skill level 1 in Conjurations
  2066 | D:3      | Reached XP level 4. HP: 25/25 MP: 8/12
  2525 | D:3      | Found a transporter.
  2577 | D:3      | Found a transporter.
  2854 | D:4      | Identified the +1 dagger of Termination {flame, rPois rF+
                  | rC- Stlth+}
  2923 | D:4      | Noticed Duvessa
  2924 | D:4      | Noticed Dowan
  2929 | D:4      | Killed Dowan
  2930 | D:4      | Reached XP level 5. HP: 25/30 MP: 5/14
  2944 | D:4      | Noticed a lemure
  2945 | D:4      | Noticed a lemure
  2947 | D:4      | Noticed Pikel
  3019 | D:4      | Noticed a lemure
  3022 | D:4      | Noticed a lemure
  3053 | D:4      | Reached skill level 5 in Spellcasting
  3061 | D:4      | HP: 1/30 [Duvessa/+0 rapier (4)]
  3062 | D:4      | Mangled by Duvessa

Illustrated notes

Levels and vault maps discovered:
D:1:      saegor_arrival_under_anarchy, layout_basic,
          minmay_misc_feat_more_columns
D:2:      layout_loops_ring, shapermc_ecumenical_altar_acropolis
D:3:      cheibrodos_pilgrimage, layout_loops_cross,
          nemelex_xobeh_ov_fountains_minmay, grunt_dithmenos_smoke_and_mirrors,
          gammafunk_ghost_gnarly_gnolls
D:4:      layout_loops_cross, nicolae_ossuary_entry_ruins, uniq_pikel,
          uniq_duvessa

Skill      XL: |  1  2  3  4  5 |
---------------+----------------+-----
Fighting       | 1 2 |  2.1
Spellcasting   | 4 5 |  5.0
Conjurations   | 1 2 |  2.2
Earth Magic    | 4 |  4.6
Dodging        | |  2.4
Stealth        | |  2.4
Transmutations | |  1.1

Action                     |  1- 3 |  4- 6 || total
---------------------------+-------+-------++-------
  Melee: Spear             |     2 |     2 ||     4
         War axe           |       |     5 ||     5
   Cast: Sandblast         |    49 |    29 ||    78
         Stone Arrow       |     1 |     5 ||     6
  Evoke: Wand              |       |     6 ||     6
    Use: Scroll            |     3 |     5 ||     8
         Potion            |     1 |     1 ||     2
 Armour: Robe              |     2 |     2 ||     4
  Dodge: Dodged            |     8 |    23 ||    31
